 Dungeon Crawl Stone Soup version 0.28-a0-245-g639a1a48b9 (webtiles) character file.

Game seed: 8938999024821569927

3467 Colgate the Impaler (level 10, -4/114 HPs)
             Began as a Merfolk Berserker on Aug 25, 2021.
             Was an Elder of Trog.
             Slain by an orc warrior (12 damage)
             ... on level 8 of the Dungeon.
             The game lasted 00:14:15 (8558 turns).

Colgate the Impaler (Merfolk Berserker)             Turns: 8558, Time: 00:14:16

Health: -4/114     AC: 10    Str: 17    XL:     10   Next: 6%
Magic:  10/10      EV: 17    Int:  6    God:    Trog [****..]
Gold:   153        SH:  0    Dex: 24    Spells: 9/9 levels left

rFire   . . .      SeeInvis .   Y - +2 halberd
rCold   . . .      Faith    .   (shield currently unavailable)
rNeg    . . .      Spirit   .   c - +1 ring mail {rPois}
rPois   +          Reflect  .   (no helmet)
rElec   .          Harm     .   q - +1 cloak
rCorr   .          Rampage  .   (no gloves)
Will    .....                   b - +1 pair of boots
Stlth   ..........              (no amulet)
HPRegen 0.29/turn               l - +6 ring of dexterity
MPRegen 0.12/turn               (no ring)

@: berserking (expiring), very quick
A: (nimble swimmer 2), mertail
a: Renounce Religion, Berserk, Trog's Hand, Brothers in Arms


You were on level 8 of the Dungeon.
You worshipped Trog.
Trog was greatly pleased with you.
You visited 1 branch of the dungeon, and saw 8 of its levels.
You also visited: Sewer.

You collected 361 gold pieces.
You spent 208 gold pieces at shops.


Innate Abilities, Weirdness & Mutations

((You are quick and stealthy near water. (Stealth+, EV+, Speed+++)))
Your lower body shifts to a powerful aquatic tail in water.


   Skills:
 + Level 6.0 Fighting
 - Level 16.1 Polearms
 - Level 1.3 Armour
 - Level 8.1 Dodging


You had 9 spell levels left.
You didn't know any spells.
Your spell library was empty.

Inventory:

Hand Weapons
 j - a +0 trident
 Y - a +2 halberd (weapon)
Missiles
 d - 7 javelins
Armour
 b - a +1 pair of boots (worn)
 c - a +1 ring mail of poison resistance (worn)
 p - a +2 robe of resistance
 q - a +1 cloak (worn)
Jewellery
 a - a ring of poison resistance
 g - a ring of protection from fire
 l - a +6 ring of dexterity (left hand)
Wands
 e - a wand of paralysis (6)
Scrolls
 k - 4 scrolls of identify
 m - 2 scrolls of teleportation
Potions
 f - 4 potions of heal wounds
 i - a potion of haste
 n - 5 potions of might

Dungeon Overview and Level Annotations

Branches:
Dungeon (8/15)             Temple (0/1) D:4           Sewer (visited)
   Lair: D:8-11

Altars:
Dithmenos
Gozag
Hepliaklqana
Nemelex Xobeh
Okawaru
Ru
Trog
Uskayaw
Vehumet
Wu Jian
Yredelemnul

Shops:
D:4 !   D:5 [*=[(   D:6 (


Message History

The yak barely misses you. The yak gores you.
You barely miss the yak.
The yak is moderately wounded.
The yak gores you!
You slash the yak!
The yak is heavily wounded.
The yak gores you. The yak barely misses you.
You barely miss the yak.
The yak is heavily wounded.
An orc comes into view. It is wielding a +0 dagger.
The orc shouts!
You slice the yak!!
You kill the yak!
Trog accepts your kill.
You hear a shout! x4
The orc warrior closely misses you. The yak gores you.
You have reached level 10!
You feel agile.
You puncture the yak!
The yak is moderately wounded.
You impale the yak!!
The yak is almost dead.
The yak completely misses you. The orc warrior misses you.
The orc completely misses you. The yak barely misses you.
You puncture the yak!
You kill the yak!
Trog accepts your kill.
Your Polearms skill increases to level 16!
You barely miss the yak. The yak misses you.
You barely miss the yak. The orc misses you.
The orc warrior closely misses you. The yak completely misses you.
You closely miss the yak. The yak barely misses you.
The orc shouts!
You hit the yak.
The yak is lightly wounded.
You hear a shout!
The orc warrior hits you from afar with a +0 halberd!
You die...

#.....#o#
#$..o....
#........
#...##.## #+## ..
#...##.####..###..
#.o....#......(...
#.o....#..........
#Yoo...#..........
#@Y[...'..........
#########...######
#.##...###...
#............
#..../.......
#............
#............
#............
#............


You could see 2 yaks, an orc warrior and 4 orcs.

Vanquished Creatures
  Maggie (D:6)
  Grinder (D:6)
  Prince Ribbit (D:5)
  A wyvern (D:7)
  3 yaks (D:8)
  A steam dragon (D:7)
  A water moccasin (Sewer)
  Duvessa (D:5)
  2 black bears
  2 sky beasts
  A phantom (D:6)
  A centaur (D:7)
  Blork the orc (D:6)
  2 bullfrogs
  A scorpion (D:4)
  Dowan (D:5)
  A water moccasin skeleton (D:2)
  5 wights (D:4)
  2 centaur zombies
  A bullfrog zombie (D:6)
  A hound (D:5)
  7 orc priests
  A bullfrog skeleton (D:6)
  A jelly (D:5)
  2 iguanas
  6 orc wizards
  3 gnolls (D:3)
  7 adders
  2 white imps
  An ufetubus (D:5)
  2 worms
  A dart slug (D:4)
  28 orcs
  8 endoplasms
  3 giant cockroaches
  5 goblins
  10 hobgoblins
  6 jackals
  11 quokkas
  3 ball pythons
  5 bats
  2 frilled lizards
  14 kobolds
  5 rats
  A spectral orc (D:5)
165 creatures vanquished.

Notes
Turn   | Place    | Note
-------+----------+-------------------------------------------
     0 | D:1      | Colgate the Merfolk Berserker began the quest for the Orb.
     0 | D:1      | Reached XP level 1. HP: 18/18 MP: 1/1
     0 | D:1      | 0 ||| counter = 92
   230 | D:1      | Reached skill level 5 in Polearms
   352 | D:1      | Reached XP level 2. HP: 24/24 MP: 2/2
  1165 | D:1      | 1165 ||| UPGRADING to +0 leather armour.
  1175 | D:1      | 1175 ||| DROPPING +0 animal skin.
  1176 | D:1      | 1176 ||| READING scroll labelled JOGOAFF GIZI.
  1177 | D:1      | 1177 ||| READING scroll labelled ZELUFU BAAXZE.
  1178 | D:1      | 1178 ||| READING scroll labelled SOISOOM CELOAQ.
  1207 | D:2      | 1207 ||| INVOKING Berserk.
  1282 | D:2      | 1282 ||| INVOKING Berserk.
  1284 | D:2      | Reached skill level 6 in Polearms
  1284 | D:2      | Reached XP level 3. HP: 18/29 MP: 3/3
  1632 | D:2      | 1632 ||| INVOKING Berserk.
  1832 | D:2      | 1832 ||| INVOKING Berserk.
  2029 | D:2      | 2029 ||| INVOKING Berserk.
  2031 | D:2      | Reached skill level 7 in Polearms
  2031 | D:2      | Reached XP level 4. HP: 24/35 MP: 4/4
  2272 | D:2      | Reached ** piety under Trog
  2335 | D:2      | Found a faded altar of an unknown god.
  2381 | D:2      | 2381 ||| INVOKING Berserk.
  2754 | D:2      | 2754 ||| INVOKING Berserk.
  2759 | D:2      | Reached skill level 8 in Polearms
  2759 | D:2      | Reached XP level 5. HP: 29/41 MP: 5/5
  2975 | D:2      | 2975 ||| UPGRADING to +0 ring mail.
  2985 | D:2      | 2985 ||| DROPPING +0 leather armour.
  2986 | D:2      | 2986 ||| READING scroll labelled FOAW BUSCHYI.
  2990 | D:2      | 2990 ||| READING scroll labelled WYLIOWKOTIA.
  3058 | D:3      | 3058 ||| INVOKING Berserk.
  3062 | D:3      | HP: 10/61 [gnoll (13)]
  3112 | D:3      | 3112 ||| STAIRDANCE
  3326 | D:3      | 3326 ||| STAIRDANCE
  3341 | D:3      | 3341 ||| SWAPPING to +0 halberd.
  3461 | D:3      | 3461 ||| Stepping ~*~*~tactically~*~*~ (outnumbered).
  3462 | D:3      | 3462 ||| Stepping ~*~*~tactically~*~*~ (outnumbered).
  3463 | D:3      | 3463 ||| Stepping ~*~*~tactically~*~*~ (outnumbered).
  3464 | D:3      | 3464 ||| Stepping ~*~*~tactically~*~*~ (outnumbered).
  3465 | D:3      | 3465 ||| Stepping ~*~*~tactically~*~*~ (outnumbered).
  3466 | D:3      | 3466 ||| Stepping ~*~*~tactically~*~*~ (outnumbered).
  3560 | D:3      | 3560 ||| INVOKING Berserk.
  3567 | D:3      | Reached skill level 9 in Polearms
  3569 | D:3      | Reached XP level 6. HP: 47/47 MP: 6/6
  3674 | D:3      | 3674 ||| DROPPING +0 spear.
  3693 | D:3      | 3693 ||| INVOKING Berserk.
  3697 | D:3      | Reached skill level 3 in Dodging
  4090 | D:3      | 4090 ||| UPGRADING to +6 ring of dexterity.
  4091 | D:3      | 4091 ||| READING scroll labelled UPTARH CAGE.
  4092 | D:3      | 4092 ||| DRINKING 2 silvery potions.
  4122 | D:4      | 4122 ||| Stepping ~*~*~tactically~*~*~ (reaching).
  4124 | D:4      | 4124 ||| Stepping ~*~*~tactically~*~*~ (reaching).
  4125 | D:4      | 4125 ||| Stepping ~*~*~tactically~*~*~ (reaching).
  4131 | D:4      | Found an iron altar of Okawaru.
  4146 | D:4      | 4146 ||| INVOKING Berserk.
  4148 | D:4      | Reached skill level 10 in Polearms
  4149 | D:4      | Noticed a black bear
  4159 | D:4      | Killed a black bear
  4160 | D:4      | Reached XP level 7. HP: 52/52 MP: 7/7
  4164 | D:4      | Reached *** piety under Trog
  4298 | D:4      | 4298 ||| Stepping ~*~*~tactically~*~*~ (outnumbered).
  4299 | D:4      | 4299 ||| Stepping ~*~*~tactically~*~*~ (outnumbered).
  4300 | D:4      | 4300 ||| Stepping ~*~*~tactically~*~*~ (outnumbered).
  4301 | D:4      | 4301 ||| Stepping ~*~*~tactically~*~*~ (outnumbered).
  4375 | D:4      | Found a staircase to the Ecumenical Temple.
  4391 | D:4      | Found Naomuqat's Distillery.
  4397 | D:4      | 4397 ||| BUYING potion of heal wounds (50 gold).
  4397 | D:4      | Bought a potion of heal wounds for 50 gold pieces
  4397 | D:4      | 4397 ||| BUYING potion of might (40 gold).
  4397 | D:4      | Bought a potion of might for 40 gold pieces
  4397 | D:4      | 4397 ||| BUYING potion of might (40 gold).
  4397 | D:4      | Bought a potion of might for 40 gold pieces
  4397 | D:4      | 4397 ||| BUYING potion of might (40 gold).
  4397 | D:4      | Bought a potion of might for 40 gold pieces
  4455 | D:4      | Reached skill level 11 in Polearms
  4606 | D:4      | 4606 ||| Stepping ~*~*~tactically~*~*~ (reaching).
  4608 | D:4      | 4608 ||| Stepping ~*~*~tactically~*~*~ (reaching).
  4610 | D:4      | 4610 ||| Stepping ~*~*~tactically~*~*~ (reaching).
  4611 | D:4      | 4611 ||| Stepping ~*~*~tactically~*~*~ (reaching).
  4613 | D:4      | 4613 ||| Stepping ~*~*~tactically~*~*~ (reaching).
  4614 | D:4      | 4614 ||| Stepping ~*~*~tactically~*~*~ (reaching).
  4616 | D:4      | 4616 ||| Stepping ~*~*~tactically~*~*~ (reaching).
  4617 | D:4      | 4617 ||| Stepping ~*~*~tactically~*~*~ (reaching).
  4619 | D:4      | 4619 ||| Stepping ~*~*~tactically~*~*~ (reaching).
  4716 | D:4      | Found a sparkling altar of Nemelex Xobeh.
  4899 | D:4      | 4899 ||| DROPPING +6 ring of intelligence.
  4900 | D:4      | 4900 ||| DRINKING 2 grey potions.
  4901 | D:4      | 4901 ||| READING 2 scrolls of identify.
  4901 | D:4      | 4901 ||| IDENTIFYING orange potion
  4902 | D:4      | 4902 ||| DROPPING potion of degeneration.
  4921 | D:5      | Entered Level 5 of the Dungeon
  4929 | D:5      | 4929 ||| INVOKING Berserk.
  4976 | D:5      | Noticed Prince Ribbit
  4992 | D:5      | 4992 ||| INVOKING Berserk.
  5075 | D:5      | 5075 ||| INVOKING Berserk.
  5076 | D:5      | Killed Prince Ribbit
  5077 | D:5      | Reached skill level 12 in Polearms
  5077 | D:5      | Reached XP level 8. HP: 60/60 MP: 8/8
  5109 | D:5      | Found Rijae's Armour Shop.
  5123 | D:5      | 5123 ||| SHOPLISTING +0 pair of boots (45 gold, have 24).
  5123 | D:5      | 5123 ||| SHOPLISTING +0 pair of gloves (45 gold, have 24).
  5123 | D:5      | 5123 ||| SHOPLISTING +1 cloak of stealth (165 gold, have
                  | 24).
  5147 | D:5      | Found a sacrificial altar of Ru.
  5208 | D:5      | Found Rugysoke's Assorted Antiques.
  5215 | D:5      | 5215 ||| SHOPLISTING glowing scale mail (140 gold, have
                  | 42).
  5215 | D:5      | 5215 ||| SHOPLISTING potion of haste (200 gold, have 42).
  5215 | D:5      | 5215 ||| SHOPLISTING potion of heal wounds (100 gold, have
                  | 42).
  5215 | D:5      | 5215 ||| BUYING scroll labelled KUIHASU KYCVO (20 gold).
  5215 | D:5      | Bought a scroll labelled KUIHASU KYCVO for 20 gold pieces
  5215 | D:5      | 5215 ||| BUYING yellow potion (18 gold).
  5215 | D:5      | Bought a yellow potion for 18 gold pieces
  5235 | D:5      | Noticed Duvessa
  5235 | D:5      | Noticed Dowan
  5250 | D:5      | 5250 ||| INVOKING Berserk.
  5251 | D:5      | Killed Duvessa
  5253 | D:5      | Killed Dowan
  5452 | D:5      | Found Sixy's Antique Armour Shoppe.
  5455 | D:5      | 5455 ||| SHOPLISTING pair of boots (112 gold, have 4).
  5455 | D:5      | 5455 ||| SHOPLISTING runed leather armour (125 gold, have
                  | 4).
  5456 | D:5      | Found Mishau's Jewellery Boutique.
  5473 | D:5      | Found Ruwey's Weapon Shoppe.
  5477 | D:5      | 5477 ||| SHOPLISTING +4 ring of protection (396 gold, have
                  | 21).
  5477 | D:5      | 5477 ||| SHOPLISTING +4 ring of slaying (858 gold, have
                  | 21).
  5477 | D:5      | 5477 ||| SHOPLISTING +6 ring of strength (643 gold, have
                  | 21).
  5477 | D:5      | 5477 ||| SHOPLISTING amulet "Zodonoci" {Acrobat Will+
                  | Dex+4} (561 gold, have 21).
  5477 | D:5      | 5477 ||| SHOPLISTING amulet of regeneration (330 gold, have
                  | 21).
  5477 | D:5      | 5477 ||| SHOPLISTING ring "Yffolean" {rPois rC+ Will+ AC+4}
                  | (657 gold, have 21).
  5477 | D:5      | 5477 ||| SHOPLISTING ring of fire (275 gold, have 21).
  5477 | D:5      | 5477 ||| SHOPLISTING ring of see invisible (165 gold, have
                  | 21).
  5567 | D:5      | Found a radiant altar of Vehumet.
  5682 | D:5      | Found a basalt altar of Yredelemnul.
  5904 | D:5      | 5904 ||| UPGRADING to +2 robe of resistance.
  5914 | D:5      | 5914 ||| UPGRADING to +1 cloak.
  5919 | D:5      | 5919 ||| READING scroll labelled SIZXYO MUKLAFI.
  5920 | D:5      | 5920 ||| READING scroll labelled KUIHASU KYCVO.
  6066 | D:5      | 6066 ||| READING scroll labelled LUYBBA WAIKHLI.
  6067 | D:5      | 6067 ||| READING 5 scrolls of identify.
  6067 | D:5      | 6067 ||| IDENTIFYING purple potion
  6068 | D:5      | 6068 ||| READING 4 scrolls of identify.
  6068 | D:5      | 6068 ||| IDENTIFYING yellow potion
  6069 | D:5      | 6069 ||| DROPPING potion of ambrosia.
  6070 | D:5      | 6070 ||| DROPPING potion of invisibility.
  6098 | D:6      | 6098 ||| INVOKING Berserk.
  6109 | D:6      | 6109 ||| DRINKING potion of curing.
  6109 | D:6      | 6109 ||| (to cure confusion)
  6112 | D:6      | Reached skill level 6 in Dodging
  6145 | D:6      | Found a hazy altar of Hepliaklqana.
  6244 | D:6      | Found an opulent altar of Gozag.
  6252 | D:6      | Noticed Blork the orc
  6254 | D:6      | Killed Blork the orc
  6255 | D:6      | Reached skill level 13 in Polearms
  6431 | D:6      | Found Diogoet's Antique Weapon Shop.
  6516 | D:6      | Reached **** piety under Trog
  6736 | D:6      | Found a glowing drain.
  6737 | D:6      | 6737 ||| Found Sewer.
  6745 | Sewer    | Entered a sewer
  6746 | Sewer    | 6746 ||| Entered Sewer.
  6761 | Sewer    | 6761 ||| Stepping ~*~*~tactically~*~*~ (outnumbered).
  6768 | Sewer    | 6768 ||| Stepping ~*~*~tactically~*~*~ (outnumbered).
  6788 | Sewer    | 6788 ||| READING scroll of enchant weapon.
  6788 | Sewer    | 6788 ||| ENCHANTING +1 halberd.
  6966 | Sewer    | 6966 ||| READING scroll labelled FUAFISE GISME.
  6989 | Sewer    | 6989 ||| READING 4 scrolls of identify.
  6989 | Sewer    | 6989 ||| IDENTIFYING lumpy puce potion
  6990 | Sewer    | 6990 ||| DROPPING potion of flight.
  7029 | D:6      | Found an ornate altar of the Wu Jian Council.
  7029 | D:6      | Found a shadowy altar of Dithmenos.
  7165 | D:6      | Noticed Maggie
  7179 | D:6      | Killed Maggie
  7180 | D:6      | Reached XP level 9. HP: 52/68 MP: 9/9
  7283 | D:6      | Reached skill level 14 in Polearms
  7305 | D:6      | Noticed Grinder
  7306 | D:6      | 7306 ||| INVOKING Trog's Hand.
  7316 | D:6      | Killed Grinder
  7475 | D:6      | 7475 ||| UPGRADING to +1 ring mail of poison resistance.
  7485 | D:6      | 7485 ||| DROPPING +0 ring mail.
  7486 | D:6      | 7486 ||| READING 3 scrolls of identify.
  7486 | D:6      | 7486 ||| IDENTIFYING smoky blue potion
  7487 | D:6      | 7487 ||| DROPPING potion of attraction.
  7506 | D:7      | 7506 ||| STAIRDANCE
  7536 | D:7      | 7536 ||| STAIRDANCE
  7540 | D:6      | 7540 ||| INVOKING Berserk.
  7542 | D:6      | Reached skill level 6 in Fighting
  7615 | D:7      | 7615 ||| Stepping ~*~*~tactically~*~*~ (outnumbered).
  7616 | D:7      | 7616 ||| Stepping ~*~*~tactically~*~*~ (outnumbered).
  7697 | D:7      | 7697 ||| INVOKING Berserk.
  7867 | D:7      | 7867 ||| INVOKING Berserk.
  7878 | D:7      | HP: 19/103 [something/puff of flame (9)]
  7882 | D:7      | Reached skill level 15 in Polearms
  8342 | D:7      | 8342 ||| UPGRADING to +1 pair of boots.
  8347 | D:7      | 8347 ||| READING scroll labelled QALYNE CEASAY.
  8348 | D:7      | 8348 ||| READING 4 scrolls of identify.
  8348 | D:7      | 8348 ||| IDENTIFYING golden potion
  8349 | D:7      | 8349 ||| DROPPING potion of berserk rage.
  8377 | D:8      | Found a bloodstained altar of Trog.
  8380 | D:8      | 8380 ||| Stepping ~*~*~tactically~*~*~ (outnumbered).
  8382 | D:8      | 8382 ||| Stepping ~*~*~tactically~*~*~ (outnumbered).
  8384 | D:8      | 8384 ||| Stepping ~*~*~tactically~*~*~ (outnumbered).
  8386 | D:8      | 8386 ||| Stepping ~*~*~tactically~*~*~ (outnumbered).
  8388 | D:8      | 8388 ||| Stepping ~*~*~tactically~*~*~ (outnumbered).
  8390 | D:8      | 8390 ||| Stepping ~*~*~tactically~*~*~ (outnumbered).
  8392 | D:8      | 8392 ||| Stepping ~*~*~tactically~*~*~ (outnumbered).
  8394 | D:8      | 8394 ||| Stepping ~*~*~tactically~*~*~ (outnumbered).
  8396 | D:8      | 8396 ||| Stepping ~*~*~tactically~*~*~ (outnumbered).
  8398 | D:8      | 8398 ||| Stepping ~*~*~tactically~*~*~ (outnumbered).
  8400 | D:8      | 8400 ||| Stepping ~*~*~tactically~*~*~ (outnumbered).
  8402 | D:8      | 8402 ||| Stepping ~*~*~tactically~*~*~ (outnumbered).
  8404 | D:8      | 8404 ||| Stepping ~*~*~tactically~*~*~ (outnumbered).
  8406 | D:8      | 8406 ||| Stepping ~*~*~tactically~*~*~ (outnumbered).
  8408 | D:8      | 8408 ||| Stepping ~*~*~tactically~*~*~ (outnumbered).
  8410 | D:8      | 8410 ||| Stepping ~*~*~tactically~*~*~ (outnumbered).
  8422 | D:8      | 8422 ||| Stepping ~*~*~tactically~*~*~ (outnumbered).
  8450 | D:8      | Found a hide-covered altar of Uskayaw.
  8519 | D:8      | 8519 ||| Stepping ~*~*~tactically~*~*~ (outnumbered).
  8520 | D:8      | 8520 ||| Stepping ~*~*~tactically~*~*~ (outnumbered).
  8521 | D:8      | 8521 ||| Stepping ~*~*~tactically~*~*~ (outnumbered).
  8522 | D:8      | 8522 ||| Stepping ~*~*~tactically~*~*~ (outnumbered).
  8523 | D:8      | 8523 ||| Stepping ~*~*~tactically~*~*~ (outnumbered).
  8524 | D:8      | 8524 ||| Stepping ~*~*~tactically~*~*~ (outnumbered).
  8525 | D:8      | 8525 ||| Stepping ~*~*~tactically~*~*~ (outnumbered).
  8526 | D:8      | 8526 ||| Stepping ~*~*~tactically~*~*~ (outnumbered).
  8527 | D:8      | 8527 ||| Stepping ~*~*~tactically~*~*~ (outnumbered).
  8528 | D:8      | 8528 ||| Stepping ~*~*~tactically~*~*~ (outnumbered).
  8529 | D:8      | 8529 ||| Stepping ~*~*~tactically~*~*~ (outnumbered).
  8531 | D:8      | 8531 ||| Stepping ~*~*~tactically~*~*~ (outnumbered).
  8532 | D:8      | 8532 ||| Stepping ~*~*~tactically~*~*~ (outnumbered).
  8533 | D:8      | 8533 ||| Stepping ~*~*~tactically~*~*~ (outnumbered).
  8543 | D:8      | 8543 ||| INVOKING Berserk.
  8547 | D:8      | HP: 23/103 [yak (6)]
  8548 | D:8      | HP: 11/103 [yak (12)]
  8552 | D:8      | Reached XP level 10. HP: 7/76 MP: 10/10
  8555 | D:8      | Reached skill level 16 in Polearms
  8558 | D:8      | Slain by an orc warrior

Levels and vault maps discovered:
D:1:      matt_arrival_spirals, layout_loops_corners
D:2:      layout_rooms, shapermc_ecumenical_altar_totnotflames
D:3:      layout_rooms, grunt_ministairs_15, chequers_serial_rivers_micro_d
D:4:      layout_rooms, mainiacjoe_overflow_cross_hatched,
          nemelex_dance_club_becter, minmay_temple_entry_mist, serial_shops,
          nicolae_square_shop, kennysheep_generic_room_13
D:5:      layout_basic, yredelemnul_forgotten_temple_becter,
          nicolae_ru_sacrificial_ziggurat, kennysheep_mini, serial_shops,
          nicolae_shop_behind_doors, shop, nicolae_diamond_shop, shop, shop,
          uniq_duvessa, uniq_prince_ribbit1
D:6:      layout_basic, nicolae_hepliaklqana_hazy_memory,
          gammafunk_temple_overflow_pools, grunt_gozag_statues, serial_shops,
          nicolae_inconvenience_store, portal_sewer_entry_f, uniq_grinder,
          uniq_blork_the_orc, uniq_maggie
D:7:      layout_rooms
D:8:      layout_gridville, trog_hazing_becter, nicolae_overflow_hidden_temple,
          special_room [special_room_orc], minmay_misc_feat_square,
          minmay_misc_feat_rows

Skill      XL: |  1  2  3  4  5  6  7  8  9 10 |
---------------+-------------------------------+-----
Polearms       | 5 6 7 8 9 10 12 13 15 16 | 16.1
Dodging        | 4 5 7 8 |  8.1
Fighting       | 4 5 6 |  6.0
Armour         | |  1.3

Action                   |  1- 3 |  4- 6 |  7- 9 | 10-12 || total
-------------------------+-------+-------+-------+-------++-------
Melee: Spear             |   109 |    64 |       |       ||   173
       Halberd           |       |    83 |   278 |     7 ||   368
Invok: Berserk           |     5 |     6 |     9 |       ||    20
       Trog's Hand       |       |       |     1 |       ||     1
  Use: Scroll            |     3 |     3 |    12 |       ||    18
       Potion            |       |     1 |     2 |       ||     3
 Stab: Sleeping          |     1 |       |     2 |       ||     3
Armor: Animal skin       |     4 |       |       |       ||     4
       Leather armour    |    12 |     3 |       |       ||    15
       Ring mail         |       |    12 |    46 |       ||    58
       Robe              |       |       |     3 |       ||     3
Dodge: Dodged            |    47 |    55 |   148 |     9 ||   259

Table legend:
 A = Non-vault XP
 B = Vault XP
 C = Vault XP percentage of total XP
 D = Non-vault monster count
 E = Vault monster count
 F = Vault count percentage of total count
                 A         B        C        D         E       F
            +---------+---------+-------+---------+---------+-------
      Total |    3480 |    1474 |  29.8 |     138 |      27 |  16.4
            +---------+---------+-------+---------+---------+-------
        D:1 |      21 |       0 |   0.0 |      15 |       0 |   0.0
        D:2 |     162 |       0 |   0.0 |      23 |       0 |   0.0
        D:3 |     220 |       3 |   1.3 |      29 |       2 |   6.5
        D:4 |     599 |       5 |   0.8 |      25 |       2 |   7.4
        D:5 |     324 |     498 |  60.6 |       9 |       4 |  30.8
        D:6 |     657 |     788 |  54.5 |      15 |       7 |  31.8
        D:7 |     777 |       0 |   0.0 |      18 |       0 |   0.0
        D:8 |     720 |      12 |   1.6 |       4 |       6 |  60.0
      Sewer |       0 |     168 | 100.0 |       0 |       6 | 100.0
            +---------+---------+-------+---------+---------+-------
